 Dungeon Crawl Stone Soup version 0.16.1 (webtiles) character file.

58 Fiveotanaka the Chucker (level 4, -13/44 HPs)
             Began as an Ogre Hunter on Mar 24, 2015.
             Mangled by a kobold
             ... wielding a +1 whip of electrocution
              (19 damage)
             ... on level 2 of the Dungeon.
             The game lasted 00:03:57 (1972 turns).

Fiveotanaka the Chucker (Ogre Hunter)               Turns: 1972, Time: 00:03:57

Health: -13/44     AC:  3    Str: 17    XL:     4   Next: 2%
Magic:  4/4        EV: 10    Int: 10    God:
Gold:   129        SH:  0    Dex: 11    Spells: 0 memorised, 3 levels left

rFire  . . .     SeeInvis .     i - +0 mace
rCold  . . .     Clarity  .     d - +0 animal skin
rNeg   . . .     SustAb   .     (shield restricted)
rPois  .         Gourm    .     (helmet restricted)
rElec  .         Spirit   .     (no cloak)
rCorr  .         Warding  .     (gloves unavailable)
rMut   .         Stasis   .     (boots unavailable)
MR     .....                    (no amulet)
Stlth  ++........               (no ring)
                                o - ring of stealth

@: not resistant to hostile enchantments, unstealthy
A: unfitting armour, tough skin 1
a: no special abilities


You were on level 2 of the Dungeon.
You were not hungry.

You visited 1 branch of the dungeon, and saw 2 of its levels.

You collected 129 gold pieces.

Inventory:

Hand weapons
 a - a +0 short sword
 i - a +0 mace (weapon)
Missiles
 b - 5 large rocks
 c - 2 throwing nets
 j - 11 stones (quivered)
Armour
 d - a +0 animal skin (worn)
Jewellery
 o - a ring of stealth (left hand)
Scrolls
 e - 2 scrolls of enchant armour {unknown}
 m - a scroll of recharging {unknown}
 p - 6 scrolls of identify {unknown}
 q - a scroll of fog {unknown}
Potions
 g - a potion of magic {unknown}
 k - a potion of might {unknown}
 l - a potion of heal wounds {unknown}
 r - 2 potions of curing {unknown}
Comestibles
 f - a meat ration
 h - a bread ration
 n - a beef jerky


   Skills:
 - Level 2.6 Fighting
 + Level 4.4 Maces & Flails
 - Level 4.5 Throwing
 - Level 1.7 Dodging
 - Level 0.7 Stealth


You had 3 spell levels left.
You didn't know any spells.

Dungeon Overview and Level Annotations

Branches:
Dungeon (2/15)

Altars:

Annotations:
D:2 exclusion: 2 doors, Robin


Innate Abilities, Weirdness & Mutations

You are too large for most types of armour.
You have tough skin (AC +1).


Message History

You throw a stone. The stone hits the kobold.
The kobold is moderately wounded.
Throwing (i - inventory. (,) - cycle):
j - 12 stones (quivered)
Press: ? - help, Shift-Dir - straight line, f/p - kobold
Aim: a kobold, wielding a whip of electrocution You throw a stone.
The stone closely misses the kobold.
You closely miss the kobold.
The kobold hits you with a whip of electrocution.
You are electrocuted!
You closely miss the kobold. The kobold barely misses you.
The kobold barely misses you.
You closely miss the kobold.
The kobold hits you with a whip of electrocution.
You are electrocuted!
* * * LOW HITPOINT WARNING * * *
You barely miss the kobold.
The kobold hits you with a whip of electrocution.
* * * LOW HITPOINT WARNING * * *
You are electrocuted!
You die...

#.#.##.##....#.###.##.....#......
#.#.##.##....#.# #.##.....+......
#.#.##.##....#.###.##.....#......
.......................)..+......
.............#.<..........#......
....###......#.....##.....######.
..#.....<....########.....##.. +.
..#.#..##.#.###............... #.
..#.#..##...# #.@K.((...(#### #.
............# #........(.# #.
...........## ####.............+.
############ #...........#
#...........# #######'##... ... .
... ...


You could see a kobold.

Vanquished Creatures
  3 adders (D:2)
  A giant gecko (D:1)
  An ooze (D:1)
  5 hobgoblins (D:1)
  4 kobolds
  2 ball pythons
  3 bats (D:1)
  2 giant newts (D:1)
  8 goblins
  2 rats (D:1)
31 creatures vanquished.

Notes
Turn   | Place    | Note
--------------------------------------------------------------
     0 | D:1      | Fiveotanaka, the Ogre Hunter, began the quest for the Orb.
     0 | D:1      | Reached XP level 1. HP: 22/22 MP: 1/1
    97 | D:1      | Reached skill level 1 in Maces & Flails
   327 | D:1      | Reached XP level 2. HP: 21/29 MP: 2/2
   823 | D:1      | Reached XP level 3. HP: 7/36 MP: 3/3
  1204 | D:2      | Noticed Robin
  1629 | D:2      | Reached XP level 4. HP: 15/44 MP: 4/4
  1972 | D:2      | Mangled by a kobold

Action                   |  1- 3 |  4- 6 || total
-------------------------+-------+-------++-------
Melee: Mace              |   109 |     4 ||   113
       Short sword       |    11 |       ||    11
Throw: Stone             |     3 |     6 ||     9
  Eat: Chunk             |     2 |     1 ||     3
